cohdb
Replays
Latest Replays
All Replays
Popular Replays
Top Player Replays
Match Explorer
How It Works
Community
CoH3 Stats
Reddit
Sign in to upload your games and track your stats! →
Sign in with Steam
Match 43378031
Unlisted
Match 43378031
Overview
Messages
Build Orders
End
Construct Infanterie Kompanie
Pioneer Squad
MG 42 Machine Gun Team
Selects Breakthrough Battlegroup
Grenadier Squad
Grenadier Squad
Construct Luftwaffe Kompanie
Selects Assault Grenadiers
Selects Smoke Bombing Run
MG 42 Machine Gun Team
221 Scout Car
Medical Station
Selects Mechanized Assault Group
Selects Mechanized Assault Group
Mechanized Assault Group
Construct Panzer Kompanie
Stoßtruppen Squad
Selects Rapid Production
Selects Blitzkrieg
Panzer Officer Quarters
Stoßtruppen Squad
Panzer IV Medium Tank
Stoßtruppen Squad
GrW 34 Mortar Team
Selects Tiger Heavy Tank
Tiger Heavy Tank
Stoßtruppen Squad
Pioneer Squad
Mechanized Assault Group
Pioneer Squad
xThomasx25
General Bayern
DibbeTC
Mad Mac
0
0
Comments
sign in to comment!
No comments posted yet!